 Dungeon Crawl Stone Soup version 0.29-a0-284-gf9362112df (console) character file.

Game seed: 14666320461815928406

17 Doideka the Grave Robber (level 2, 0/19 HPs)
             Began as a Demonspawn Necromancer on Mar 13, 2022.
             Slain by an adder (2 damage)
             ... on level 2 of the Dungeon on Mar 15, 2022.
             The game lasted 00:37:49 (2554 turns).

Doideka the Grave Robber (Demonspawn Necromancer)   Turns: 2554, Time: 00:37:49

Health: 0/19       AC:  7    Str:  8    XL:     2   Next: 44%
Magic:  4/5        EV: 10    Int: 16    God:
Gold:   58         SH:  0    Dex: 13    Spells: 3/5 levels left

rFire   . . .      SeeInvis .   d - +0 club
rCold   . . .      Faith    .   (no shield)
rNeg    . . .      Spirit   .   f - +0 ring mail
rPois   .          Reflect  .   (no helmet)
rElec   .          Harm     .   (no cloak)
rCorr   .          Rampage  .   (no gloves)
Will    .....                   (no boots)
Stlth   +.........              (no amulet)
HPRegen 0.06/turn               (no ring)
MPRegen 0.09/turn               (no ring)

@: no status effects
A: icy blue scales 1
a: no special abilities


You were on level 2 of the Dungeon.
You visited 1 branch of the dungeon, and saw 2 of its levels.

You collected 58 gold pieces.

Inventory:

Hand Weapons
 d - a +0 club (weapon)
 g - a +0 dagger
 h - a +0 dagger
 j - a +0 club
 k - a +0 club
 l - a +0 dagger
 m - a +0 whip
 n - a +0 dagger
Missiles
 e - 31 stones
 o - 6 poisoned darts
Armour
 a - a +0 robe
 f - a +0 ring mail (worn)
 i - a +0 leather armour
 p - a +0 leather armour
Scrolls
 q - a scroll of magic mapping {unknown}
Potions
 b - 3 potions of magic
 c - a potion of resistance {unknown}
 r - a potion of cancellation {unknown}


   Skills:
 + Level 0.2 Armour
 + Level 1.9 Dodging
 - Level 1.8 Stealth
 * Level 2.3 Spellcasting
 + Level 4.7 Necromancy


You had 3 spell levels left.
You knew the following spells:

 Your Spells              Type           Power      Damage    Failure   Level
a - Pain                  Necr           68%        1d7       9%          1
b - Animate Skeleton      Necr           34%        N/A       9%          1

Your spell library contained the following spells:

 Spells                   Type           Power      Damage    Failure   Level
 Vampiric Draining        Necr           17%        2d7       26%         3
 Gell's Gravitas          Tloc           1%         N/A       88%         3
 Lesser Beckoning         Tloc           1%         N/A       88%         3
 Teleport Other           Tloc           1%         N/A       88%         3
 Animate Dead             Necr           8%         N/A       65%         4
 Agony                    Necr           17%        N/A       94%         5


Dungeon Overview and Level Annotations

Branches:
Dungeon (2/15)

Altars:


Innate Abilities, Weirdness & Mutations

You are partially covered in icy blue scales. (AC +2)


Message History

The adder bites you.
You are poisoned.
The adder poisons you! The adder bites you.
You are more poisoned.
The adder poisons you!
You hit the adder.
The adder is heavily wounded.
You feel very sick. The adder misses you. The adder barely misses you.
You closely miss the adder.
The adder is heavily wounded.
You feel sick. The adder misses you.
You barely miss the adder.
The adder is heavily wounded.
You feel sick.
The adder bites you but does no damage. x2
You are too injured to fight recklessly!
You closely miss the adder.
The adder is heavily wounded.
* * * LOW HITPOINT WARNING * * *
You feel sick.
The adder bites you but does no damage. x2
The adder attacks as you move away! The adder bites you but does no damage.
* * * LOW HITPOINT WARNING * * *
You feel sick.
You barely miss the adder.
The adder is heavily wounded.
* * * LOW HITPOINT WARNING * * *
You feel sick. The adder barely misses you.
The adder bites you but does no damage.
You barely miss the adder.
The adder is heavily wounded.
* * * LOW HITPOINT WARNING * * *
You feel sick.
You are no longer poisoned.
The adder bites you but does no damage. The adder attacks as you move away!
The adder closely misses you. The adder barely misses you.
The adder bites you but does no damage. The adder misses you.
The adder attacks as you move away! The adder bites you but does no damage.
The adder bites you but does no damage. The adder attacks as you move away!
The adder bites you but does no damage. The adder bites you.
You die...

########## #.........
#......... #######.........
#...............
#...............
#...............
#...............
#...............
##########...............
###>.....S@................
#........###.......########
#........# #.......#
#........# #.......#
#........###########
#.................
#.................
#......(..........
#.........:.......
#............)...!
#.....###...^.....


You could see an adder.

Vanquished Creatures
  A dart slug (D:1)
  2 ball pythons
  3 bats (D:1)
  2 goblins (D:1)
  2 hobgoblins
  A frilled lizard (D:1)
  2 kobolds (D:1)
  2 rats (D:1)
15 creatures vanquished.

Notes
Turn   | Place    | Note
-------+----------+-------------------------------------------
     0 | D:1      | Doideka the Demonspawn Necromancer began the quest for the
                  | Orb.
     0 | D:1      | Reached XP level 1. HP: 13/13 MP: 3/3
   239 | D:1      | Learned a level 1 spell: Animate Skeleton
   240 | D:1      | Upgraded the game from 0.29-a0-283-ga02f740833 to
                  | 0.29-a0-284-gf9362112df
   960 | D:1      | Gained mutation: You are partially covered in icy blue
                  | scales. (AC +2) [demonic ancestry]
   960 | D:1      | Reached XP level 2. HP: 11/19 MP: 5/5
  2554 | D:2      | Slain by an adder

Illustrated notes

Levels and vault maps discovered:
D:1:      dpeg_arrival_water_temple_mockup, layout_basic
D:2:      layout_basic, shapermc_ecumenical_altar_petra, uniq_natasha

Action                   || total
-------------------------++-------
Melee: Club              ||    53
       Punch             ||     2
       Dagger            ||     2
 Cast: Pain              ||    11
Armor: Ring mail         ||    45
       Robe              ||     5
Dodge: Dodged            ||    56

Table legend: (Time is in decaauts)
 A = Elapsed time spent in this place.
 B = Non-inter-level travel time spent in this place.
 C = Inter-level travel time spent in this place.
 D = Time resting spent in this place.
 E = Time spent auto-exploring this place.
 F = Levels seen in this place.
 G = Mean time per level.
                   A        B        C        D        E       F      G
               +--------+--------+--------+--------+--------+-----+--------+
         Total |   2567 |   2542 |     25 |    331 |    421 |   2 | 1283.5 |
       Dungeon |   2567 |   2542 |     25 |    331 |    421 |   2 | 1283.5 |
               +--------+--------+--------+--------+--------+-----+--------+

Top non-repeatable levels by time:
     D:1: 2407 daAuts
     D:2: 160 daAuts
